 Dungeon Crawl Stone Soup version 0.32-a0-599-gba8f9cf90e (webtiles) character file.

Game seed: 3419707206898058959

2455 cforsyth the Reanimator (level 9, -2/117 (123) HPs)
             Began as a Mountain Dwarf Necromancer on Mar 2, 2024.
             Slain by Joseph
             ... wielding a +0 quarterstaff
              (8 damage)
             ... on level 8 of the Dungeon.
             The game lasted 00:18:09 (9063 turns).

cforsyth the Reanimator (MDNe)                      Turns: 9063, Time: 00:18:09

HP:   -2/117 (123)  AC: 20    Str: 14    XL:     9   Next: 26%
MP:   11/11         EV:  9    Int: 17    God:
Gold: 127           SH:  0    Dex: 10    Spells: 6/11 levels left

rFire   + . .        h - +1 whip (elec)
rCold   . . .        (no shield)
rNeg    . . .        w - +8 scale mail "Damnable Contraption" {rF+ rCorr Stlth+}
rPois   .            (no helmet)
rElec   .            x - +0 cloak
rCorr   +            (no gloves)
SInv    +            (no boots)
Will    .....        A - amulet of regeneration Stlth
                     T - +4 ring of protection
HPRegen 1.19/turn    v - ring of see invisible
MPRegen 0.12/turn

%: no passive effects
@: brilliant, berserking, lightly drained, very quick
A: runic magic, artefact enchanting
a: no special abilities


You were on level 8 of the Dungeon.
You visited 2 branches of the dungeon, and saw 9 of its levels.

You collected 352 gold pieces.
You spent 225 gold pieces at shops.


Innate Abilities, Weirdness & Mutations

Your spellcasting is much less encumbered by armour.
You can use scrolls of enchantment on lesser artefacts.


   Skills:
 + Level 8.7 Fighting
 + Level 5.7 Armour
 - Level 1.3 Dodging
 - Level 1.4 Stealth
 - Level 1.7 Spellcasting
 + Level 9.8 Necromancy


You had 6 spell levels left.
You knew the following spells:

 Your Spells              Type           Power      Damage    Failure   Level
a - Animate Dead          Necr           51%        N/A       4%          4
X - Necrotise             Necr           100%       1d9       1%          1

Your spell library contained the following spells:

 Spells                   Type           Power      Damage    Failure   Level
 Vampiric Draining        Necr           51%        2d9       1%          3
 Curse of Agony           Necr           51%        N/A       13%         5

Inventory:

Hand Weapons
 h - a +1 whip of electrocution (weapon)
Armour
 f - a scarf of resistance
 w - the +8 scale mail "Damnable Contraption" (worn) {rF+ rCorr Stlth+}
   (You bought it in a shop on level 1 of the Dungeon)

   rF+:       It protects you from fire.
   rCorr:     It protects you from acid and corrosion.
   Stlth+:    It makes you more stealthy.
 x - a +0 cloak (worn)
Magical Staves
 u - a staff of death {!a}
Jewellery
 e - an amulet of reflection
 v - a ring of see invisible (right hand)
 A - an amulet of regeneration (around neck)
 C - an amulet of faith {!P}
 D - a +6 ring of dexterity
 T - a +4 ring of protection (left hand)
Wands
 r - a wand of mindburst (17)
 y - a wand of flame (16)
Scrolls
 c - 2 scrolls of fog {unknown}
 i - a scroll of fear {unknown}
 j - 6 scrolls of identify {unknown}
 o - 2 scrolls of poison {unknown}
 p - 2 scrolls of teleportation {unknown}
 q - a scroll of enchant weapon {unknown}
 s - a scroll of noise {unknown}
 B - a scroll of torment {unknown}
 F - a scroll of enchant armour {unknown}
Potions
 a - a potion of ambrosia {unknown}
 b - a potion of magic
 d - a potion of berserk rage {!q}
 k - 2 potions of haste {@q3}
 l - a potion of brilliance
 m - 2 potions of heal wounds {unknown}
 z - a potion of curing {unknown}
 E - a potion of enlightenment {unknown}

Dungeon Overview and Level Annotations

Branches:
Dungeon (8/15)             Temple (1/1) D:6
   Lair: D:8-11

Altars:
Ashenzari
Cheibriados
Dithmenos
Fedhas
Gozag
Hepliaklqana
Makhleb
Nemelex Xobeh
Qazlal
Ru
Sif Muna
Trog
Uskayaw
Vehumet
Wu Jian
Xom
Yredelemnul
Zin
The Shining One

Shops:
D:1 [   D:7 *   D:8 [

Annotations:
D:8 Joseph

,,*,,,,,,,,,,>,~~~~~~~,,,,*,,,,,*
***,,,,,,,,,......,,,,,*,***,,,,*
************#....▓******,***,,,,*
,,,,,,,,,+,,#....▓,,,,,,,,,,,,,,,
,,,,,,,,,*,,#....▓,,,,,,,,,,,,,,,
,,,,,,,,,*,,#...[▓,,,,,,,,,,,,,,,
**********,,#....▓▓▓*****,****+**
****,,**,,*#.)@Z.▓,,***,****,,*
*,,,,,,,,,,#.Z@).▓,,,,*,,,,+,,,
*,,,,,,,,,,#.))..▓,,,,+,,,,*,,,
*,,,,,,,,,,+.....▓,,,,*,,,,*,,,
****,,***.,#.....▓+▓▓▓▓▓▓******
*,,***..####..........,,,,,,
*,,,,,......ß.ß.ß.....,,,,,,
*,,,,,.......⌠.⌠......,,,,,,
#############+#ß.∩.ß.....,,,,,,
#...............⌠.⌠.###..,,,,**


You could see Joseph (ally target) and 2 friendly kobold zombies.


Message History

Unknown command.
You hit Joseph.
Joseph is heavily wounded.
Your kobold zombie hits Joseph but does no damage.
Joseph hits your kobold zombie with a +0 quarterstaff!
Your kobold zombie is destroyed!
Your kobold zombie hits Joseph.
Unknown command.
You whack Joseph!
Joseph is severely wounded.
Your kobold zombie closely misses Joseph.
Joseph hits you with a +0 quarterstaff.
* * * LOW HITPOINT WARNING * * *
Your kobold zombie hits Joseph but does no damage.
Unknown command.
Unknown command.
You hit Joseph.
Joseph is severely wounded.
Unknown command.
Unknown command.
You closely miss Joseph.
Joseph is severely wounded.
Joseph hits you but does no damage.
Your kobold zombie hits Joseph.
Your kobold zombie misses Joseph.
Unknown command.
Unknown command.
You closely miss Joseph.
Joseph is severely wounded.
Joseph hits you with a +0 quarterstaff!
You die...

Skill      XL: |  1  2  3  4  5  6  7  8 |
---------------+-------------------------+-----
Fighting       | 1 2 3 4 5 6 8 |  8.7
Necromancy     | 5 6 7 8 9 |  9.8
Armour         | 2 5 |  5.7
Dodging        | |  1.3
Stealth        | |  1.4
Spellcasting   | |  1.7

Action                     |  1- 3 |  4- 6 |  7- 9 || total
---------------------------+-------+-------+-------++-------
  Melee: Unarmed           |    28 |       |       ||    28
         Whip              |     7 |    47 |   370 ||   424
   Cast: Necrotise         |    89 |    99 |    74 ||   262
         Animate Dead      |       |       |     5 ||     5
  Evoke: Wand              |       |       |     5 ||     5
    Use: Potion            |       |     4 |     3 ||     7
         Scroll            |       |       |     2 ||     2
 Armour: Robe              |    33 |    64 |    19 ||   116
         Skin              |       |     1 |   145 ||   146
         Scale mail        |       |       |   350 ||   350
  Dodge: Dodged            |    34 |    53 |   242 ||   329
  Block: Other             |       |    21 |    73 ||    94
         Reflection        |       |     2 |       ||     2

Levels and vault maps discovered:
D:1:      minmay_arrival_up_and_down, layout_rooms, serial_shops,
          nicolae_shop_peninsula, hellmonk_ecumenical_altar_arch_garden
D:2:      layout_loops_ring, basic_altar, uniq_crazy_yiuf_cottage
D:3:      layout_loops_ring, ashenzari_conservatory_becter,
          mainiacjoe_overflow_small_starburst
D:4:      layout_loops_ring
D:5:      layout_loops_ring
D:6:      layout_layer_cave, mainiacjoe_overflow_surrounded_room,
          gammafunk_temple_overflow_wave, minmay_temple_entry_ruins,
          uniq_duvessa
D:7:      layout_cave_pools, nicolae_shop_gadgets
D:8:      layout_gridville, elyvilon_altar_5, enter_bailey_4, serial_shops,
          nicolae_shop_temple_entry_statues_fountains, uniq_joseph
Temple:   dpeg_chambers_temple

Notes
Turn   | Place    | Note
-------+----------+-------------------------------------------
     0 | D:1      | cforsyth the Mountain Dwarf Necromancer began the quest for
                  | the Orb.
     0 | D:1      | Reached XP level 1. HP: 14/14 MP: 3/3
   146 | D:1      | Found a faded altar of an unknown god.
   155 | D:1      | Reached skill level 1 in Fighting
   160 | D:1      | Reached XP level 2. HP: 23/23 MP: 0/4
   805 | D:1      | Found Ymeif's Antique Armour Shop.
   969 | D:2      | Found a runed translucent door.
   970 | D:2      | Noticed Crazy Yiuf
  1076 | D:2      | Reached skill level 2 in Fighting
  1093 | D:2      | Reached skill level 5 in Necromancy
  1093 | D:2      | Reached XP level 3. HP: 29/29 MP: 3/5
  1509 | D:2      | Found a glowing silver altar of Zin.
  1517 | D:2      | Identified a scarf of resistance
  2227 | D:3      | Reached XP level 4. HP: 35/37 MP: 0/6
  2342 | D:3      | Found a burning altar of Makhleb.
  2431 | D:3      | Identified the +0 robe of Classification {rC- rN++}
  2471 | D:3      | Reached skill level 3 in Fighting
  2639 | D:3      | Found a broken altar of Ashenzari.
  2993 | D:4      | Identified a potion of resistance
  2998 | D:4      | Reached XP level 5. HP: 7/46 MP: 7/7
  3172 | D:4      | Reached skill level 6 in Necromancy
  3223 | D:3      | Reached skill level 4 in Fighting
  3384 | D:4      | Reached XP level 6. HP: 53/53 MP: 3/8
  3954 | D:4      | Reached skill level 5 in Fighting
  3954 | D:4      | Reached skill level 7 in Necromancy
  4631 | D:5      | Entered Level 5 of the Dungeon
  4777 | D:5      | Reached XP level 7. HP: 61/61 MP: 1/9
  5451 | D:5      | Reached skill level 6 in Fighting
  5747 | D:1      | Bought a brightly glowing scale mail for 225 gold pieces
  5747 | D:1      | Identified the +8 scale mail "Damnable Contraption" {rF+
                  | rCorr Stlth+} (You bought it in a shop on level 1 of the
                  | Dungeon)
  5844 | D:2      | Killed Crazy Yiuf
  6043 | D:5      | Reached skill level 1 in Armour
  6043 | D:5      | Reached skill level 8 in Necromancy
  6475 | D:6      | Found an opulent altar of Gozag.
  6538 | D:5      | Reached skill level 2 in Armour
  6875 | D:5      | Reached XP level 8. HP: 61/68 MP: 10/10
  6960 | D:6      | Reached skill level 7 in Fighting
  6960 | D:6      | Reached skill level 3 in Armour
  7052 | D:6      | Found a staircase to the Ecumenical Temple.
  7070 | Temple   | Entered the Ecumenical Temple
  7451 | D:6      | Noticed Duvessa
  7576 | D:6      | Killed Duvessa
  7584 | D:6      | Noticed Dowan
  7599 | D:6      | Killed Dowan
  7749 | D:6      | Found a bloodstained altar of Trog.
  7749 | D:6      | Found a glowing silver altar of Zin.
  7912 | D:6      | Upgraded the game from 0.32-a0-597-g8e3e136d6a to
                  | 0.32-a0-599-gba8f9cf90e
  7952 | D:6      | Reached skill level 4 in Armour
  7952 | D:6      | Reached skill level 9 in Necromancy
  7961 | D:6      | Learned a level 4 spell: Animate Dead
  8055 | D:7      | Found Ozyw Ese's Gadget Gallery.
  8135 | D:7      | Reached skill level 8 in Fighting
  8431 | D:7      | Reached skill level 5 in Armour
  8445 | D:7      | Reached XP level 9. HP: 71/81 MP: 8/11
  9002 | D:8      | Found Keixkuaf's Antique Armour Boutique.
  9023 | D:8      | Noticed Joseph
  9053 | D:8      | HP: 5/76 [Joseph/+0 quarterstaff (5)]
  9060 | D:8      | HP: 3/117 [Joseph/+0 quarterstaff (5)]
  9063 | D:8      | Slain by Joseph

Vanquished Creatures
  2 water moccasins
  Duvessa (D:6)
  A black bear (D:5)
  An ice beast (D:6)
  A sky beast (D:6)
  2 ogres
  3 phantoms
  2 kobold brigands
  A bullfrog (D:6)
  A scorpion (D:7)
  5 wights
  Dowan (D:6)
  A bombardier beetle (D:5)
  A jelly (D:4)
  4 hounds
  3 gnoll boudas
  3 orc priests
  A sleepcap (D:5)
  Crazy Yiuf (D:2)
  2 orc wizards (D:3)
  12 gnolls
  9 adders
  A white imp (D:6)
  4 ufetubi (D:5)
  2 dart slugs (D:3)
  A ribbon worm (D:2)
  18 orcs
  6 ball pythons
  5 bats
  2 endoplasms (D:1)
  6 giant cockroaches
  5 goblins
  8 hobgoblins
  4 jackals (D:1)
  13 kobolds
  3 quokkas
  A frilled lizard (D:3)
  2 rats
139 creatures vanquished.

Vanquished Creatures (collateral kills)
  A water moccasin (D:7)
  A gnoll (D:7)
  An orc (D:3)
  An endoplasm (D:1)
  A quokka (D:1)
  A frilled lizard (D:1)
  2 kobolds (D:4)
  A rat (D:2)
9 creatures vanquished.

Vanquished Creatures (others)
  A gnoll zombie (D:7)
  2 kobold zombies (D:8)
  3 orc zombies (D:7)
6 creatures vanquished.

Grand Total: 154 creatures vanquished

Table legend: (Time is in decaauts)
 A = Elapsed time spent in this place.
 B = Non-inter-level travel time spent in this place.
 C = Inter-level travel time spent in this place.
 D = Time resting spent in this place.
 E = Time spent auto-exploring this place.
 F = Levels seen in this place.
 G = Mean time per level.
                   A        B        C        D        E       F      G
               +--------+--------+--------+--------+--------+-----+--------+
         Total |   9114 |   8444 |    670 |   1268 |   5593 |   9 | 1012.7 |
       Dungeon |   9112 |   8442 |    670 |   1268 |   5593 |   8 | 1139.0 |
        Temple |      1 |      1 |      0 |      0 |      0 |   1 |    1.0 |
               +--------+--------+--------+--------+--------+-----+--------+

Top non-repeatable levels by time:
     D:5: 1898 daAuts
     D:3: 1577 daAuts
     D:6: 1356 daAuts
     D:4: 1219 daAuts
     D:2: 1159 daAuts
     D:1: 1072 daAuts
     D:7: 687 daAuts
     D:8: 142 daAuts
  Temple: 1 daAuts

Table legend:
 A = Non-vault XP
 B = Vault XP
 C = Vault XP percentage of total XP
 D = Non-vault monster count
 E = Vault monster count
 F = Vault count percentage of total count
                 A         B        C        D         E       F
            +---------+---------+-------+---------+---------+-------
      Total |    3253 |     255 |   7.3 |     145 |       3 |   2.0
            +---------+---------+-------+---------+---------+-------
        D:1 |      38 |       0 |   0.0 |      21 |       0 |   0.0
        D:2 |      24 |      39 |  61.9 |      14 |       1 |   6.7
        D:3 |     256 |       0 |   0.0 |      26 |       0 |   0.0
        D:4 |     342 |       0 |   0.0 |      21 |       0 |   0.0
        D:5 |     713 |       0 |   0.0 |      21 |       0 |   0.0
        D:6 |     702 |     216 |  23.5 |      12 |       2 |  14.3
        D:7 |     965 |       0 |   0.0 |      20 |       0 |   0.0
        D:8 |     213 |       0 |   0.0 |      10 |       0 |   0.0
            +---------+---------+-------+---------+---------+-------
